 Dungeon Crawl Stone Soup version 0.31-a0-825-gf28bc0971e (webtiles) character file.

Game seed: 7383854933424782702

175 qw the Shooter (level 5, -5/32 HPs)
             Began as a Gargoyle Hunter on Sept 23, 2023.
             Slain by Sigmund
             ... wielding a +0 scythe
              (7 damage)
             ... on level 3 of the Dungeon.
             The game lasted 00:00:54 (2552 turns).

qw the Shooter (Gargoyle Hunter)                    Turns: 2552, Time: 00:00:55

Health: -5/32      AC: 10    Str: 14    XL:     5   Next: 55%
Magic:  5/5        EV: 16    Int: 10    God:
Gold:   140        SH:  0    Dex: 15    Spells: 4/4 levels left

rFire   . . .        Y - +0 shortbow
rCold   . . .        (shield currently unavailable)
rNeg    + . .        f - +0 ring mail
rPois   inf          c - +1 hat
rElec   +            (no cloak)
rCorr   .            (no gloves)
SInv    .            (no boots)
Will    .....        (no amulet)
Stlth   +            g - +5 ring of evasion
HPRegen 0.25/turn    (no ring)
MPRegen 0.09/turn

%: no passive effects
@: slowed, very slow
A: sickness immunity, AC +4, negative energy resistance 1, electricity
resistance, torment resistance 1, petrification resistance
a: no special abilities


You were on level 3 of the Dungeon.
You visited 1 branch of the dungeon, and saw 3 of its levels.

You collected 140 gold pieces.


Innate Abilities, Weirdness & Mutations

You are immune to sickness and miasma.
Your stone body is resilient. (AC +4)
You are immune to poison.
You resist negative energy. (rN+)
You are resistant to electric shocks. (rElec)
You are resistant to unholy torment.
You are immune to petrification.


   Skills:
 + Level 3.0 Fighting
 - Level 6.1 Ranged Weapons
 - Level 1.3 Armour
 - Level 1.5 Dodging
 - Level 1.1 Stealth


You had 4 spell levels left.
You didn't know any spells.
Your spell library was empty.

Inventory:

Hand Weapons
 Y - a +0 shortbow (weapon)
Armour
 b - a +1 helmet
 c - a +1 hat (worn)
 f - a +0 ring mail (worn)
Jewellery
 a - a ring of fire
 g - a +5 ring of evasion (left hand)
Scrolls
 e - a scroll of teleportation
 k - 2 scrolls of identify
Potions
 d - a potion of curing {unknown}
 h - a potion of cancellation
 i - a potion of ambrosia {unknown}
 l - a potion of heal wounds
 o - a potion of haste {unknown}

Dungeon Overview and Level Annotations

Branches:
Dungeon (3/15)

Altars:
Uskayaw

Shops:
D:2 :

Annotations:
D:3 Sigmund


Message History

Natasha casts a spell at you.
The magic dart hits you but does no damage.
You shoot an arrow. The arrow closely misses Natasha.
Natasha casts a spell at you.
You feel yourself slow down. Something hits you but does no damage.
You shoot an arrow. The arrow closely misses Natasha.
Natasha claws you but does no damage. Something hits you. Natasha claws you.
You shoot an arrow. The arrow hits Natasha.
Natasha is severely wounded.
Natasha closely misses you. Something hits you but does no damage.
Natasha barely misses you.
You shoot an arrow.
The arrow hits Natasha but does no damage.
Natasha is severely wounded.
Something hits you but does no damage.
Natasha casts a spell.
You shoot an arrow.
The arrow hits Natasha but does no damage.
Natasha is severely wounded.
Natasha claws you but does no damage. Something hits you.
The cerulean imp misses you.
Natasha stares at you and mumbles some strange words.
The magic dart hits you but does no damage.
You shoot an arrow. The arrow hits Natasha.
You kill Natasha!
Natasha screams in fury as she dies!
The cerulean imp disappears in a puff of smoke!
Something hits you but does no damage. Something hits you!
Your Ranged Weapons skill increases to level 6!
You shoot an arrow. Something hits you.
You shoot an arrow. Something hits you.
You shoot an arrow.
You hear some strange, mumbled words.
Something tries to affect you, but you resist.
Something hits you but does no damage.
You shoot an arrow. Something hits you!
You die...

#..# .... #..# #..#
#..# .#####..#
.......{# #%#########.
### ##@#...............
####....#######.......
.......................
....#.#.#.##.####.#..8.
###.##.##.##.## #.#....
. ## #.....# #...8.. #
#.##..# #......
###.##..###....8.
........>....#....


There were no monsters in sight!

Vanquished Creatures
  Natasha (twice) (D:3)
  Robin (D:3)
  4 adders
  2 worms
  A dart slug (D:1)
  3 ball pythons
  5 bats (D:2)
  5 endoplasms
  11 goblins
  9 hobgoblins
  7 jackals
  4 quokkas
  3 frilled lizards
  3 kobolds
  6 rats
66 creatures vanquished.

Notes
Turn   | Place    | Note
-------+----------+-------------------------------------------
     0 | D:1      | qw the Gargoyle Hunter began the quest for the Orb.
     0 | D:1      | Reached XP level 1. HP: 12/12 MP: 1/1
     0 | D:1      | 0 ||| qw: Version: 0.3-a-83-gcd0e7d8
     0 | D:1      | 0 ||| qw: Game counter: 1817
     0 | D:1      | 0 ||| qw: Melee chars always use a shield: true
     0 | D:1      | 0 ||| qw: God list: Okawaru
     0 | D:1      | 0 ||| qw: Allow faded altars: false
     0 | D:1      | 0 ||| qw: Do Orc after clearing Dungeon:15 true
     0 | D:1      | 0 ||| qw: Do second Lair branch before Depths: true
     0 | D:1      | 0 ||| qw: Lair rune preference: random
     0 | D:1      | 0 ||| qw: Goals: Normal
     0 | D:1      | 0 ||| PLANNING D:1-11
    44 | D:1      | 44 ||| Stepping ~*~*~tactically~*~*~ (retreating).
    56 | D:1      | Reached XP level 2. HP: 17/17 MP: 2/2
   289 | D:1      | Reached XP level 3. HP: 21/21 MP: 3/3
   473 | D:1      | Reached skill level 5 in Ranged Weapons
   645 | D:1      | 645 ||| UPGRADING to +0 ring mail.
   655 | D:1      | 655 ||| DROPPING +0 leather armour.
   656 | D:1      | 656 ||| UPGRADING to +5 ring of evasion.
   657 | D:1      | 657 ||| DROPPING ring of wizardry.
   658 | D:1      | 658 ||| READING scroll labelled NUMIPI MABEIFE.
   659 | D:1      | 659 ||| READING scroll labelled XEOZXOATEI.
   660 | D:1      | 660 ||| READING scroll labelled KIVASIPEDGH.
   661 | D:1      | 661 ||| READING scroll labelled ZIZOXT HOCU.
   662 | D:1      | 662 ||| READING scroll labelled IPHOCW OFAO.
   663 | D:1      | 663 ||| READING 3 scrolls labelled QESKUY XORYIFU.
   664 | D:1      | 664 ||| READING scroll labelled WALALIEGIA.
   669 | D:1      | 669 ||| DROPPING scroll of butterflies.
   670 | D:1      | 670 ||| DROPPING 2 scrolls of fog.
   726 | D:2      | Found Kug Rong's Book Emporium.
   843 | D:2      | Reached skill level 1 in Armour
  1272 | D:2      | Reached XP level 4. HP: 23/27 MP: 4/4
  1297 | D:2      | Reached skill level 3 in Fighting
  1920 | D:2      | 1920 ||| UPGRADING to +1 hat.
  1925 | D:2      | 1925 ||| READING scroll labelled OGGOFE ATOICU.
  2026 | D:2      | 2026 ||| READING scroll labelled ZAURESHR SERRUI.
  2027 | D:2      | 2027 ||| DRINKING 2 sedimented pink potions.
  2028 | D:2      | 2028 ||| READING 3 scrolls of identify.
  2028 | D:2      | 2028 ||| IDENTIFYING sapphire potion
  2029 | D:2      | 2029 ||| READING 2 scrolls of identify.
  2029 | D:2      | 2029 ||| IDENTIFYING clear potion
  2030 | D:2      | 2030 ||| DROPPING potion of invisibility.
  2096 | D:3      | Noticed Natasha
  2101 | D:3      | Killed Natasha
  2107 | D:3      | Reached XP level 5. HP: 32/32 MP: 5/5
  2415 | D:3      | Noticed Robin
  2419 | D:3      | Killed Robin
  2484 | D:3      | Found a hide-covered altar of Uskayaw.
  2529 | D:3      | Noticed Natasha
  2531 | D:3      | Noticed Sigmund
  2532 | D:3      | 2532 ||| Stepping ~*~*~tactically~*~*~ (retreating).
  2548 | D:3      | Killed Natasha
  2548 | D:3      | HP: 6/32 [something (10)]
  2549 | D:3      | Reached skill level 6 in Ranged Weapons
  2549 | D:3      | HP: 1/32 [something (5)]
  2552 | D:3      | Slain by Sigmund

Levels and vault maps discovered:
D:1:      minmay_arrival_loop, layout_basic, chequers_jeans
D:2:      minmay_razor_zed, layout_basic, serial_shops, shop,
          guppyfry_early_lair_pool
D:3:      layout_loops_ring, nicolae_uskayaw_dance_hall, uniq_sigmund,
          uniq_robin, uniq_natasha

Skill      XL: |  1  2  3  4  5 |
---------------+----------------+-----
Ranged Weapons | 5 6 |  6.1
Armour         | 1 |  1.3
Fighting       | 3 |  3.0
Dodging        | |  1.5
Stealth        | |  1.1

Action                     |  1- 3 |  4- 6 || total
---------------------------+-------+-------++-------
   Fire: Shortbow          |   105 |   121 ||   226
    Use: Scroll            |     7 |     4 ||    11
         Potion            |       |     1 ||     1
 Armour: Leather armour    |    17 |       ||    17
         Ring mail         |     6 |    41 ||    47
  Dodge: Dodged            |    37 |    55 ||    92

Table legend:
 A = Non-vault XP
 B = Vault XP
 C = Vault XP percentage of total XP
 D = Non-vault monster count
 E = Vault monster count
 F = Vault count percentage of total count
                 A         B        C        D         E       F
            +---------+---------+-------+---------+---------+-------
      Total |     159 |      92 |  36.7 |      48 |      18 |  27.3
            +---------+---------+-------+---------+---------+-------
        D:1 |      40 |       0 |   0.0 |      21 |       0 |   0.0
        D:2 |      59 |      26 |  30.6 |      20 |      10 |  33.3
        D:3 |      60 |      66 |  52.4 |       7 |       8 |  53.3
            +---------+---------+-------+---------+---------+-------
